 Dungeon Crawl Stone Soup version 0.23.2-30-g0e89c35649 (webtiles) character file.

Game seed: 2291192160673684593

62 redwoodhats the Magician (level 3, 0/19 HPs)
             Began as a Deep Elf Air Elementalist on June 16, 2019.
             Slain by a jackal (2 damage)
             ... on level 1 of the Dungeon.
             The game lasted 00:08:04 (2125 turns).

redwoodhats the Magician (DEAE)                     Turns: 2125, Time: 00:08:06

Health: 0/19       AC:  3    Str:  5    XL:     3   Next: 85%
Magic:  1/10       EV: 13    Int: 20    God:
Gold:   118        SH:  0    Dex: 15    Spells: 4/10 levels left

rFire    + . .     SeeInvis .   l - +0 battleaxe
rCold    + . .     Gourm    .   (shield currently unavailable)
rNeg     . . .     Faith    .   a - +0 robe
rPois    +         Spirit   .   (no helmet)
rElec    +         Reflect  .   (no cloak)
rCorr    +         Harm     .   (no gloves)
MR       .....                  j - +0 pair of boots
Stlth    ++........             (no amulet)
HPRegen  0.06/turn              (no ring)
MPRegen  0.12/turn              (no ring)

@: lethally poisoned (0 -> -2), resistant
A: no striking features
a: no special abilities


You were on level 1 of the Dungeon.
You were not hungry.

You visited 1 branch of the dungeon, and saw 2 of its levels.

You collected 118 gold pieces.

Inventory:

Hand Weapons
 d - a +0 dagger of protection
 l - a +0 battleaxe (weapon)
Armour
 a - a +0 robe (worn)
 j - a +0 pair of boots (worn)
Wands
 f - a wand of flame (14)
Scrolls
 h - 2 scrolls of teleportation {unknown}
 k - a scroll of enchant weapon {unknown}
 m - a scroll of enchant armour {unknown}
Potions
 e - 2 potions of curing {unknown}
 g - 2 potions of haste {unknown}
 i - a potion of heal wounds {unknown}
Comestibles
 c - 3 rations


   Skills:
 + Level 2.8 Dodging
 + Level 2.5 Stealth
 + Level 0.2 Unarmed Combat
 + Level 4.4 Spellcasting
 + Level 1.7 Conjurations
 + Level 3.5 Air Magic


You had 4 spell levels left.
You knew the following spells:

 Your Spells              Type           Power        Failure   Level  Hunger
a - Shock                 Conj/Air       ###.         4%          1    None
b - Static Discharge      Conj/Air       ###.....     12%         3    ###....
c - Swiftness             Chrm/Air       ##......     9%          2    #......

Your spell library contained the following spells:

 Spells                   Type           Power        Failure   Level  Hunger
 Airstrike                Air            ###.......   28%         4    ####...
 Lightning Bolt           Conj/Air       ###.......   75%         5    ######.


Dungeon Overview and Level Annotations

Branches:
Dungeon (2/15)

Altars:


Message History

Confirm with . or Enter, or press ? or * to list all spells.
You don't have enough magic to cast that spell.
The kobold hits you but does no damage.
You feel sick.
The jackal bites you but does no damage.
The jackal bites you.
* * * LOW HITPOINT WARNING * * *
There is a stone staircase leading up here.
The jackal barely misses you. The jackal closely misses you.
The jackal misses you. The kobold barely misses you.
You climb upwards.
There is a stone staircase leading down here.
You can't go up here!
It was a potion of resistance.
You feel protected.
* * * LOW HITPOINT WARNING * * *
You feel sick.
The jackal bites you but does no damage.
The jackal bites you.
You die...

#.# #........# #.# #.#
#.# #.......## #.# #.#
#.# #......## #.## #.#
#.# ###.##.######.)###.#
#.####...#..........##.#
#...>................#.#
######....##########.#.#
##h#.#..........#.#
#@#.#.########.#.#
#h#.#.#......#)#.#
#...#.#.####.#.#.#
#...#.#.#((#.#....
##..#.#...(#.#.###
#..#[######.#.#
##.#(.......#.#
#.##########.#
#............#


You could see 2 jackals.

Vanquished Creatures
  A gnoll (D:1)
  2 adders (D:2)
  A dart slug (D:1)
  A giant cockroach (D:2)
  8 goblins
  3 hobgoblins
  3 jackals (D:1)
  2 kobolds (D:2)
  5 bats
  2 frilled lizards (D:1)
  4 rats
32 creatures vanquished.

Notes
Turn   | Place    | Note
-------+----------+-------------------------------------------
     0 | D:1      | redwoodhats the Deep Elf Air Elementalist began the quest
                  | for the Orb.
     0 | D:1      | Reached XP level 1. HP: 10/10 MP: 6/6
   575 | D:2      | Reached XP level 2. HP: 13/15 MP: 3/8
  1232 | D:1      | Reached XP level 3. HP: 2/19 MP: 3/10
  1517 | D:1      | Learned a level 3 spell: Static Discharge
  1520 | D:1      | Learned a level 2 spell: Swiftness
  2049 | D:2      | Reached skill level 4 in Spellcasting
  2125 | D:1      | Slain by a jackal

Skill      XL: |  1  2  3 |
---------------+----------+-----
Spellcasting   | 4 |  4.4
Dodging        | |  2.8
Stealth        | |  2.5
Unarmed Combat | |  0.2
Conjurations   | |  1.7
Air Magic      | |  3.5

Action                   || total
-------------------------++-------
Melee: Unarmed           ||    48
       Battleaxe         ||     5
 Cast: Shock             ||    61
       Static Discharge  ||     1
  Use: Potion            ||     1
  Eat: Chunk             ||     1
       Ration            ||     1
Armor: Robe              ||    15
Dodge: Dodged            ||    56
